 Dungeon Crawl Stone Soup version 0.30.1-11-g7821555f0a (webtiles) character file.

Game seed: 14899280442832813354

2 Destapler the Chopper (level 1, -2/30 HPs)
             Began as a Minotaur Berserker on Dec 11, 2023.
             Was a Follower of Trog.
             Slain by a hobgoblin (4 damage)
             ... on level 1 of the Dungeon.
             The game lasted 00:00:17 (46 turns).

Destapler the Chopper (Minotaur Berserker)            Turns: 46, Time: 00:00:18

Health: -2/30      AC:  2    Str: 21    XL:     1   Next: 33%
Magic:  0/0        EV: 12    Int:  4    God:    Trog [*.....]
Gold:   17         SH:  0    Dex:  9    Spells: 0/0 levels left

rFire   . . .        a - +0 hand axe
rCold   . . .        (no shield)
rNeg    . . .        b - +0 animal skin
rPois   .            (helmet restricted)
rElec   .            (no cloak)
rCorr   .            (no gloves)
SInv    .            (no boots)
Will    .....        (no amulet) Stlth
                     (no ring)
HPRegen 0.25/turn    (no ring)
MPRegen 0.07/turn

%: no passive effects
@: berserking, very quick
A: horns 2, retaliatory headbutt
a: Renounce Religion, Berserk


You were on level 1 of the Dungeon.
You worshipped Trog.
Trog was aware of your devotion.
You visited 1 branch of the dungeon, and saw 1 of its levels.

You collected 17 gold pieces.

Inventory:

Hand Weapons
 a - a +0 hand axe (weapon)
Armour
 b - a +0 animal skin (worn)


   Skills:
 + Level 3.6 Fighting
 * Level 3.7 Axes
 + Level 2.5 Armour
 + Level 2.2 Dodging


You couldn't memorise any spells.
You didn't know any spells.
Your spell library was empty.

Dungeon Overview and Level Annotations

Branches:
Dungeon (1/15)

Altars:


Innate Abilities, Weirdness & Mutations

You have a pair of horns on your head.
You reflexively headbutt those who attack you in melee.


Message History

You hit the endoplasm.
The endoplasm is lightly wounded.
The endoplasm hits you but does no damage.
A rat comes into view.
You hit the endoplasm.
The endoplasm is severely wounded.
You closely miss the hobgoblin. The endoplasm hits you.
You barely miss the endoplasm.
The endoplasm is severely wounded.
You hit the hobgoblin but do no damage. The endoplasm freezes you.
You are frozen.
The hobgoblin closely misses you.
You hit the endoplasm.
You kill the endoplasm!
Trog accepts your kill.
You hit the hobgoblin. x2; The hobgoblin misses you.
The hobgoblin hits you.
* * * LOW HITPOINT WARNING * * *
You closely miss the hobgoblin. Your punch misses the hobgoblin.
The hobgoblin is moderately wounded.
You hit the hobgoblin but do no damage. The hobgoblin closely misses you.
A frilled lizard comes into view.
The hobgoblin misses you.
You closely miss the hobgoblin.
The hobgoblin is moderately wounded.
The frilled lizard hisses angrily.
You hit the hobgoblin but do no damage. The hobgoblin hits you.
* * * LOW HITPOINT WARNING * * *
The hobgoblin barely misses you.
You barely miss the hobgoblin.
You punch the hobgoblin, but do no damage.
The hobgoblin is moderately wounded.
You hit the hobgoblin. The hobgoblin barely misses you. The hobgoblin hits you.
* * * LOW HITPOINT WARNING * * *
The hobgoblin completely misses you. The hobgoblin misses you.
You are too injured to fight recklessly!
Unknown command.
You aren't carrying any potions.
A red film seems to cover your vision as you go berserk!
You feel yourself moving faster!
You feel mighty! The hobgoblin hits you.
You die...

#.# ? .. #..#
$ #.# #...##.
#$.#
###....l##..#
............#
...........
......$rg#
#.......@g#
#.........#
#........$#
#.......$.#
#...).....#
#.........#
#.........#
#.........##
#####
###.....#..#
####.<.#


You could see 2 hobgoblins, a frilled lizard and a rat.

Vanquished Creatures
  2 endoplasms (D:1)
2 creatures vanquished.

Notes
Turn   | Place    | Note
-------+----------+-------------------------------------------
     0 | D:1      | Destapler the Minotaur Berserker began the quest for the
                  | Orb.
     0 | D:1      | Reached XP level 1. HP: 19/19 MP: 0/0
    45 | D:1      | HP: 1/20 [hobgoblin (5)]
    46 | D:1      | Slain by a hobgoblin

Illustrated notes

Levels and vault maps discovered:
D:1:      mrwooster_arrival_statue, layout_basic, minmay_heptomino_w4

Action                     || total
---------------------------++-------
  Melee: Hand axe          ||     9
         Punch             ||     1
 Invoke: Berserk           ||     1
 Armour: Animal skin       ||     2
  Dodge: Dodged            ||    10
